 Dungeon Crawl Stone Soup version 0.21.1-1-g345015f (webtiles) character file.

45 inc the Vexing (level 3, -4/14 HPs)
             Began as a Felid Enchanter on Feb 25, 2018.
             Slain by Crazy Yiuf
             ... wielding a +2 quarterstaff of chaos
              (15 damage)
             ... on level 2 of the Dungeon.
             The game lasted 00:04:11 (1838 turns).

inc the Vexing (Felid Enchanter)                    Turns: 1838, Time: 00:04:12

Health: -4/14      AC:  1    Str:  4    XL:     3   Next: 42%
Magic:  2/7        EV: 18    Int: 17    God:
Gold:   86         SH:  0    Dex: 16    Spells: 0/6 levels left
                                        Lives:  0   Deaths: 0

rFire    . . .     SeeInvis +     - Unarmed
rCold    . . .     Gourm    .   (shield unavailable)
rNeg     . . .     Faith    .   (armour unavailable)
rPois    +         Spirit   .   (helmet unavailable)
rElec    .         Reflect  .   (cloak unavailable)
rCorr    .         Harm     .   (gloves unavailable)
MR       .....                  (boots unavailable)
Stlth    +++.......             (no amulet)
HPRegen  0.04/turn              (no ring)
MPRegen  0.10/turn              i - ring of poison resistance

@: quick
A: very small, no armour, no weapons or thrown items, stealth, claws 1, fangs 3,
see invisible, carnivore, speed 1, shaggy fur 1, slow metabolism 1, sharp paws
a: no special abilities


You were on level 2 of the Dungeon.
You were full.

You visited 1 branch of the dungeon, and saw 2 of its levels.

You collected 86 gold pieces.

Inventory:

Jewellery
 d - an uncursed ring of teleportation
 i - a ring of poison resistance (right paw)
Scrolls
 c - 2 scrolls of identify
 e - 2 scrolls of remove curse
 f - a scroll of immolation
 g - a scroll of teleportation {unknown}
 h - 2 scrolls of noise {unknown}
 k - a scroll of magic mapping {unknown}
Potions
 j - a potion of might {unknown}
Books
 a - a book of Maledictions

   Spells                             Type                      Level
   a - Corona                         Hexes                        1
   b - Ensorcelled Hibernation        Hexes/Ice                    2
   c - Confuse                        Hexes                        3
   d - Tukima's Dance                 Hexes                        3
   e - Dazzling Spray                 Conjuration/Hexes            3
Comestibles
 b - a ration


   Skills:
 - Level 2.6 Dodging
 - Level 4.0 Stealth
 + Level 3.4 Unarmed Combat
 - Level 2.0 Spellcasting
 - Level 4.4 Hexes


You couldn't memorise any spells.
You knew the following spells:

 Your Spells              Type           Power        Failure   Level  Hunger
a - Corona                Hex            ###....      3%          1    #......
b - Ensorcelled Hibernat  Hex/Ice        #.....       12%         2    ###....
c - Confuse               Hex            ###.....     10%         3    ###....


Dungeon Overview and Level Annotations

Branches:
Dungeon (2/15)

Altars:
Wu Jian

Annotations:
D:2 Crazy Yiuf


Innate Abilities, Weirdness & Mutations

You cannot wear armour.
You are incapable of wielding weapons or throwing items.
Your paws allow you to move quietly. (Stealth)
You have sharp claws.
You have razor-sharp teeth.
You have supernaturally acute eyesight. (SInv)
You are carnivorous and can eat meat at any time.
You cover ground quickly.
You are covered in fur. (AC +1)
You have a slow metabolism.
Your sharp claws are effective at attacking unaware monsters.


Message History

Casting: Ensorcelled Hibernation
Confirm with . or Enter, or press ? or * to list all spells.
Aiming: Confuse
Press: ? - help, Shift-Dir - straight line, f/p - Crazy Yiuf
Aim: Crazy Yiuf, wielding a quarterstaff of chaos and wearing a cloak (almost dead, chance to defeat MR: 55%) Crazy Yiuf appears confused.
Crazy Yiuf says, "Oh, this is rather nice."
Crazy Yiuf says, "This beard itches something crazy!"
You scratch Crazy Yiuf but do no damage.
Crazy Yiuf is almost dead.
You scratch Crazy Yiuf but do no damage.
You bite Crazy Yiuf, but do no damage.
Crazy Yiuf is almost dead.
Crazy Yiuf says, "Oh, this is rather nice."
You scratch Crazy Yiuf but do no damage.
Crazy Yiuf is almost dead.
Crazy Yiuf says, "Oh, this is rather nice."
Crazy Yiuf hits you with a quarterstaff of chaos!
Ouch! That really hurt!
You die...

###..#.##.#####...##
#..#.##)# #.(.....
#....##.# #.#..รท##
#.#####.# #.##.##
#.# #.# #.##.# #.#
#.# #.##.### #.# #.#
#.##.... #g# #.#
#.######
#@#####.###.######
#.................
########.##.######
#.##.# #.##.##
##.#.#.#####
#...###.....
##.#.#.#####
####.###...


You could see Crazy Yiuf (confused).

Vanquished Creatures
  An adder (D:2)
  A worm (D:2)
  A dart slug (D:2)
  3 bats
  2 giant cockroaches (D:2)
  2 goblins (D:2)
  A hobgoblin (D:2)
  8 jackals (D:2)
  A ball python (D:2)
  2 frilled lizards
  2 kobolds
  4 rats
  2 fungi (D:2)
30 creatures vanquished.

Notes
Turn   | Place    | Note
-------+----------+-------------------------------------------
     0 | D:1      | inc the Felid Enchanter began the quest for the Orb.
     0 | D:1      | Reached XP level 1. HP: 7/7 MP: 4/4
   689 | D:2      | Reached XP level 2. HP: 11/11 MP: 6/6
   778 | D:2      | Found an ornate altar of the Wu Jian Council.
  1079 | D:2      | Reached XP level 3. HP: 12/14 MP: 7/7
  1088 | D:2      | Learned a level 2 spell: Ensorcelled Hibernation
  1751 | D:2      | Found a runed door.
  1755 | D:2      | Noticed Crazy Yiuf
  1829 | D:2      | Learned a level 3 spell: Confuse
  1838 | D:2      | Slain by Crazy Yiuf

Skill      XL: |  1  2 |
---------------+-------+-----
Unarmed Combat | 2 3 |  3.4
Dodging        | |  2.6
Stealth        | |  4.0
Spellcasting   | |  2.0
Hexes          | |  4.4

Action                   || total
-------------------------++-------
Melee: Unarmed           ||   110
       Bite              ||    10
 Cast: Ensorcelled Hiber ||    15
       Confuse           ||     1
       Corona            ||     1
  Use: Scroll            ||     3
 Stab: Sleeping          ||    18
  Eat: Chunk             ||     8
Armor: Skin              ||     4
Dodge: Dodged            ||    68
